PL
AUSTIN RANGERS @ BOSTON PATRIOTS
07/26/2028
 
TOP OF THE 1ST
Austin Rangers batting - Pitching for Boston Patriots : RHP Cameron Frye
Pitching: RHP Cameron Frye
Batting: RHB Miguel Morán 0-0: Called Strike
0-1: Called Strike
0-2: Ball
1-2: Strikes out swinging
Batting: LHB Héctor Cortéz 0-0: Ball
1-0: Swinging Strike
1-1: Called Strike
1-2: Ball
2-2: DOUBLE (Line Drive, 78D)
Batting: LHB Count Dante 0-0: Ball
1-0: Called Strike
1-1: Ball
2-1: Foul Ball, location: 2F
2-2: Ball
3-2: Ground out 3-1 (Groundball, 34)
Héctor Cortéz to third
Batting: LHB Yun Yen 0-0: Ball
1-0: Ball
2-0: Called Strike
2-1: Ground out U3 (Groundball, 34)
Top of the 1st over - 0 run(s), 1 hit(s), 0 error(s), 1 left on base; Austin 0 - Boston 0
BOTTOM OF THE 1ST
Boston Patriots batting - Pitching for Austin Rangers : RHP Mark Collingwood
Pitching: RHP Mark Collingwood
Batting: RHB Terry Armstrong 0-0: Swinging Strike
0-1: Ground out 5-3 (Groundball, 56S)
Batting: RHB Tamasaburo Kato 0-0: Foul Ball, location: 2F
0-1: Swinging Strike
0-2: Ball
1-2: Foul Ball, location: 2F
1-2: Foul Ball, location: 2F
1-2: Foul Ball, location: 2F
1-2: Foul Ball, location: 2F
1-2: Ball
2-2: Ground out 3-1 (Groundball, 34)
Batting: RHB Tommy Jones 0-0: Ball
1-0: Swinging Strike
1-1: Ball
2-1: Ground out 6-3 (Groundball, 6)
Bottom of the 1st over - 0 run(s), 0 hit(s), 0 error(s), 0 left on base; Austin 0 - Boston 0
TOP OF THE 2ND
Austin Rangers batting - Pitching for Boston Patriots : RHP Cameron Frye
Batting: LHB Jesús Reyes 0-0: Fly out, F4 (Line Drive, 4)
Batting: RHB Tony Hernández 0-0: Called Strike
0-1: Foul Ball, location: 2F
0-2: Ball
1-2: Ball
2-2: Strikes out swinging
Batting: RHB Jeff Green 0-0: Called Strike
0-1: Foul Ball, location: 2F
0-2: Ball
1-2: Foul Ball, location: 2F
1-2: Foul Ball, location: 2F
1-2: Foul Ball, location: 2F
1-2: SINGLE (Groundball, 4MD)
Batting: RHB Matt Sheppard 0-0: Ball
1-0: Ball
2-0: SINGLE (Groundball, 56D)
Jeff Green to second
Batting: RHB Freddy Torres 0-0: Swinging Strike
0-1: Ball
1-1: Foul Ball, location: 2F
1-2: Fielders Choice at 2nd, 6-4 (Groundball, 6)
Top of the 2nd over - 0 run(s), 2 hit(s), 0 error(s), 1 left on base; Austin 0 - Boston 0
BOTTOM OF THE 2ND
Boston Patriots batting - Pitching for Austin Rangers : RHP Mark Collingwood
Batting: LHB Jorge Alejándrez 0-0: SOLO HOME RUN (Flyball, 89XD), Distance : 422 ft
Batting: LHB Alberto Enríquez 0-0: Called Strike
0-1: Foul Ball, location: 2F
0-2: Ball
1-2: Ground out U3 (Groundball, 34)
Batting: LHB Bill Chambers 0-0: Ball
1-0: Ball
2-0: Ball
3-0: Base on Balls
Batting: SHB Jorge Velázquez 0-0: Called Strike
0-1: SINGLE (Flyball, 89S)
Bill Chambers to second
Runner from 2nd tries for 3rd, SAFE, throw made to third
Batting: RHB Sotaro Sakata 0-0: Called Strike
0-1: Called Strike
0-2: Ball
1-2: Ball
2-2: Foul Ball, location: 2F
2-2: Ball
3-2: Foul Ball, location: 2F
3-2: Fly out, F9 (Flyball, 9)
Batting: LHB Ramón Félix 0-0: Called Strike
0-1: Reached on error, E4 (Popup, 4D)
Bill Chambers scores
Jorge Velázquez to second
Batting: RHB Terry Armstrong 0-0: Ball
1-0: Foul Ball, location: 2F
1-1: Ball
2-1: Ball
3-1: Base on Balls
Jorge Velázquez to third
Ramón Félix to second
Batting: RHB Tamasaburo Kato 0-0: Ball
1-0: Called Strike
1-1: Foul Ball, location: 2F
1-2: SINGLE (Flyball, 8RS)
Jorge Velázquez scores
Ramón Félix to third
Terry Armstrong to second
Runner from 3rd tries for Home, SAFE, no throw
Batting: RHB Tommy Jones 0-0: Ball
1-0: Ball
2-0: Foul Ball, location: 2F
2-1: Foul Ball, location: 2F
2-2: Foul Ball, location: 2F
2-2: Ball
3-2: Fly out, F8 (Flyball, 8RM)
Bottom of the 2nd over - 4 run(s), 3 hit(s), 1 error(s), 2 left on base; Austin 0 - Boston 4
TOP OF THE 3RD
Austin Rangers batting - Pitching for Boston Patriots : RHP Cameron Frye
Batting: RHB Miguel Morán 0-0: Called Strike
0-1: Swinging Strike
0-2: Fly out, F7 (Flyball, 78S)
Batting: LHB Héctor Cortéz 0-0: Ball
1-0: Called Strike
1-1: Ground out 6-3 (Groundball, 6)
Batting: LHB Count Dante 0-0: Called Strike
0-1: Foul Ball, location: 2F
0-2: Foul Ball, location: 2F
0-2: Strikes out looking
Top of the 3rd over - 0 run(s), 0 hit(s), 0 error(s), 0 left on base; Austin 0 - Boston 4
BOTTOM OF THE 3RD
Boston Patriots batting - Pitching for Austin Rangers : RHP Mark Collingwood
Batting: LHB Jorge Alejándrez 0-0: Called Strike
0-1: Ball
1-1: Ball
2-1: DOUBLE (Line Drive, 7D)
Batting: LHB Alberto Enríquez 0-0: Ball
1-0: Foul Ball, location: 2F
1-1: Ball
2-1: Called Strike
2-2: Foul Ball, location: 2F
2-2: Foul Ball, location: 2F
2-2: Ground out 3-1 (Groundball, 34)
Jorge Alejándrez to third
Batting: LHB Bill Chambers 0-0: Ball
1-0: Swinging Strike
1-1: Ground out 6-3 (Groundball, 6)
Jorge Alejándrez scores
Batting: SHB Jorge Velázquez 0-0: Ball
1-0: Swinging Strike
1-1: Called Strike
1-2: Ground out 4-3 (Groundball, 4)
Bottom of the 3rd over - 1 run(s), 1 hit(s), 0 error(s), 0 left on base; Austin 0 - Boston 5
TOP OF THE 4TH
Austin Rangers batting - Pitching for Boston Patriots : RHP Cameron Frye
Batting: LHB Yun Yen 0-0: Ball
1-0: Ball
2-0: Ball
3-0: Base on Balls
Batting: LHB Jesús Reyes 0-0: Called Strike
0-1: Swinging Strike
0-2: Ball
1-2: Ball
2-2: Ball
3-2: Strikes out swinging
Batting: RHB Tony Hernández 0-0: Foul Ball, location: 2F
0-1: Ball
1-1: Ball
2-1: Ball
3-1: Foul Ball, location: 2F
3-2: Grounds into double play, 5-4-3 (Groundball, 5)
Top of the 4th over - 0 run(s), 0 hit(s), 0 error(s), 0 left on base; Austin 0 - Boston 5
BOTTOM OF THE 4TH
Boston Patriots batting - Pitching for Austin Rangers : RHP Mark Collingwood
Batting: RHB Sotaro Sakata 0-0: Ground out 5-3 (Groundball, 5)
Batting: LHB Ramón Félix 0-0: Called Strike
0-1: Ball
1-1: Ball
2-1: Called Strike
2-2: Ball
3-2: Strikes out swinging
Batting: RHB Terry Armstrong 0-0: Ground out 5-3 (Groundball, 56)
Bottom of the 4th over - 0 run(s), 0 hit(s), 0 error(s), 0 left on base; Austin 0 - Boston 5
TOP OF THE 5TH
Austin Rangers batting - Pitching for Boston Patriots : RHP Cameron Frye
Batting: RHB Jeff Green 0-0: Called Strike
0-1: Ball
1-1: Ball
2-1: Called Strike
2-2: Strikes out swinging
Batting: RHB Matt Sheppard 0-0: Ground out 4-3 (Groundball, 4M)
Batting: RHB Freddy Torres 0-0: Swinging Strike
0-1: Ball
1-1: Foul Ball, location: 2F
1-2: Ball
2-2: Ball
3-2: Foul Ball, location: 2F
3-2: Foul Ball, location: 2F
3-2: Strikes out looking
Top of the 5th over - 0 run(s), 0 hit(s), 0 error(s), 0 left on base; Austin 0 - Boston 5
BOTTOM OF THE 5TH
Boston Patriots batting - Pitching for Austin Rangers : RHP Mark Collingwood
Batting: RHB Tamasaburo Kato 0-0: Foul Ball, location: 2F
0-1: Foul Ball, location: 2F
0-2: Ball
1-2: Ball
2-2: Foul Ball, location: 2F
2-2: Ground out 6-3 (Groundball, 6)
Batting: RHB Tommy Jones 0-0: Fly out, F7 (Line Drive, 7)
Batting: LHB Jorge Alejándrez 0-0: Ball
1-0: Ball
2-0: Ball
3-0: Base on Balls
Batting: LHB Alberto Enríquez 0-0: Ball
Jorge Alejándrez steals 2nd base
1-0: Ball
2-0: Ball
3-0: Called Strike
3-1: Swinging Strike
3-2: Strikes out swinging
Bottom of the 5th over - 0 run(s), 0 hit(s), 0 error(s), 1 left on base; Austin 0 - Boston 5
TOP OF THE 6TH
Austin Rangers batting - Pitching for Boston Patriots : RHP Cameron Frye
Batting: RHB Miguel Morán 0-0: Ball
1-0: Called Strike
1-1: Foul Ball, location: 2F
1-2: Foul Ball, location: 2F
1-2: SINGLE (Groundball, 6MD)
Batting: LHB Héctor Cortéz 0-0: Called Strike
0-1: Ball
1-1: Called Strike
1-2: Foul Ball, location: 2F
1-2: Foul Ball, location: 2F
1-2: Strikes out looking
Batting: LHB Count Dante 0-0: Called Strike
Throwing error on steal attempt, E2
Miguel Morán to third
0-1: Ball
1-1: Called Strike
1-2: Foul Ball, location: 2F
1-2: SINGLE (Line Drive, 34D)
Miguel Morán scores
Batting: LHB Yun Yen 0-0: Grounds into double play, 4-6-3 (Groundball, 4)
Top of the 6th over - 1 run(s), 2 hit(s), 1 error(s), 0 left on base; Austin 1 - Boston 5
BOTTOM OF THE 6TH
Boston Patriots batting - Pitching for Austin Rangers : RHP Mark Collingwood
Batting: LHB Bill Chambers 0-0: Called Strike
0-1: Ball
1-1: Called Strike
1-2: TRIPLE (Flyball, 89D)
Pitching: RHP Weston Fisher
Batting: SHB Jorge Velázquez 0-0: Ball
1-0: Ball
2-0: Called Strike
2-1: Ball
3-1: Called Strike
3-2: Base on Balls
Batting: RHB Sotaro Sakata 0-0: Fly out, F9 (Line Drive, 9)
Runner from 3rd tags up, SCORES, throw made
Batting: LHB Ramón Félix 0-0: SINGLE (Flyball, 8LS)
Jorge Velázquez to second
Batting: RHB Terry Armstrong 0-0: Foul Ball, location: 2F
0-1: Called Strike
0-2: Ball
1-2: Strikes out looking
Batting: RHB Tamasaburo Kato 0-0: Foul Ball, location: 2F
0-1: SINGLE (Flyball, 8LS)
Jorge Velázquez to third
Ramón Félix to second
Runner from 3rd tries for Home, SAFE, no throw
Batting: RHB Tommy Jones 0-0: Ball
1-0: Ball
2-0: Ball
3-0: Base on Balls
Ramón Félix to third
Tamasaburo Kato to second
Batting: LHB Jorge Alejándrez 0-0: Ball
1-0: Called Strike
1-1: Swinging Strike
1-2: Foul Ball, location: 2F
1-2: Ground out 6-3 (Groundball, 6M)
Bottom of the 6th over - 2 run(s), 3 hit(s), 0 error(s), 3 left on base; Austin 1 - Boston 7
TOP OF THE 7TH
Austin Rangers batting - Pitching for Boston Patriots : RHP Cameron Frye
Batting: LHB Jesús Reyes 0-0: SINGLE (Groundball, 4MD)
Batting: RHB Tony Hernández 0-0: Called Strike
0-1: Ball
1-1: Grounds into double play, 4-6-3 (Groundball, 34)
Batting: RHB Jeff Green 0-0: Ball
1-0: Swinging Strike
1-1: Foul Ball, location: 2F
1-2: Ball
2-2: Foul Ball, location: 2F
2-2: Ball
3-2: Strikes out swinging
Top of the 7th over - 0 run(s), 1 hit(s), 0 error(s), 0 left on base; Austin 1 - Boston 7
BOTTOM OF THE 7TH
Boston Patriots batting - Pitching for Austin Rangers : RHP Weston Fisher
Batting: LHB Alberto Enríquez 0-0: Ball
1-0: Called Strike
1-1: Foul Ball, location: 2F
1-2: Ball
2-2: Foul Ball, location: 2F
2-2: Strikes out looking
Batting: LHB Bill Chambers 0-0: Fly out, F8 (Flyball, 8LS)
Batting: SHB Jorge Velázquez 0-0: Ball
1-0: Ball
2-0: Foul Ball, location: 2F
2-1: Ground out U3 (Groundball, 3)
Bottom of the 7th over - 0 run(s), 0 hit(s), 0 error(s), 0 left on base; Austin 1 - Boston 7
TOP OF THE 8TH
Austin Rangers batting - Pitching for Boston Patriots : RHP Cameron Frye
Batting: RHB Matt Sheppard 0-0: Ball
1-0: Swinging Strike
1-1: SINGLE (Flyball, 7S)
Pitching: RHP Folkert van Huizen
Batting: RHB Freddy Torres 0-0: Ball
1-0: Ball
2-0: Ball
3-0: Called Strike
3-1: Foul Ball, location: 2F
3-2: Ground out 5-3 (Groundball, 56S)
Matt Sheppard to second
Batting: RHB Miguel Morán 0-0: Ball
1-0: Ball
2-0: Called Strike
2-1: Ground out 6-3 (Groundball, 6)
Batting: LHB Héctor Cortéz 0-0: Ball
Wild Pitch!
Matt Sheppard to third
1-0: Called Strike
1-1: Foul Ball, location: 2F
1-2: Ball
2-2: Strikes out swinging
Top of the 8th over - 0 run(s), 1 hit(s), 0 error(s), 1 left on base; Austin 1 - Boston 7
BOTTOM OF THE 8TH
Boston Patriots batting - Pitching for Austin Rangers : RHP Weston Fisher
Batting: RHB Sotaro Sakata 0-0: Ground out 5-3 (Groundball, 5S)
Batting: LHB Ramón Félix 0-0: Called Strike
0-1: Called Strike
0-2: Strikes out swinging
Batting: RHB Terry Armstrong 0-0: Ball
1-0: Ball
2-0: Called Strike
2-1: Ball
3-1: SINGLE (Groundball, 6MD)
Batting: RHB Tamasaburo Kato 0-0: Ball
1-0: Called Strike
1-1: Fly out, F9 (Flyball, 89M)
Bottom of the 8th over - 0 run(s), 1 hit(s), 0 error(s), 1 left on base; Austin 1 - Boston 7
TOP OF THE 9TH
Austin Rangers batting - Pitching for Boston Patriots : RHP Folkert van Huizen
Batting: LHB Count Dante 0-0: Called Strike
0-1: Swinging Strike
0-2: Ball
1-2: Ball
2-2: Strikes out looking
Batting: LHB Yun Yen 0-0: Ball
1-0: Foul Ball, location: 2F
1-1: Foul Ball, location: 2F
1-2: Ground out 3-1 (Groundball, 34S)
Batting: LHB Jesús Reyes 0-0: Called Strike
0-1: Ball
1-1: Ball
2-1: Ball
3-1: Foul Ball, location: 2F
3-2: Base on Balls
Batting: RHB Tony Hernández 0-0: Fly out, F7 (Flyball, 7)
Top of the 9th over - 0 run(s), 0 hit(s), 0 error(s), 1 left on base; Austin 1 - Boston 7
Friday, August 18th, 2017 - OOTP Baseball 17.12 Build 75